 Dungeon Crawl Stone Soup version 0.29.1-15-g9cfb28693d (webtiles) character file.

Game seed: 14679898527140813465

38 croobank the Sneak (level 3, 0/26 HPs)
             Began as an Octopode Delver on Mar 15, 2023.
             Succumbed to a kobold brigand's poison
             ... in a sewer.
             The game lasted 00:02:31 (759 turns).

croobank the Sneak (Octopode Delver)                 Turns: 759, Time: 00:02:32

Health: 0/26       AC:  1    Str: 11    XL:     3   Next: 43%
Magic:  3/3        EV: 13    Int: 14    God:
Gold:   8          SH:  0    Dex: 13    Spells: 2/2 levels left

rFire   . . .      SeeInvis .     - Unarmed
rCold   . . .      Faith    .   (no shield)
rNeg    . . .      Spirit   .   (helmet restricted)
rPois   .          Reflect  .   (no amulet)
rElec   .          Harm     .   (no ring)
rCorr   .          Rampage  .   (no ring)
Will    .....                   (no ring)
Stlth   ++++......              (no ring)
HPRegen 0.08/turn               (no ring)
MPRegen 0.08/turn               (no ring)
                                (no ring)
                                (no ring)

@: lethally poisoned (0 -> -1), hasted, very quick
A: almost no armour, amphibious, 8 rings, camouflage 1, gelatinous body 1,
(nimble swimmer 1), tentacles
a: no special abilities


You were in a sewer.
You visited 1 branch of the dungeon, and saw 2 of its levels.
You also visited: Sewer.

You collected 8 gold pieces.

Inventory:

Hand Weapons
 h - a +0 short sword
Wands
 e - a wand of digging (3)
Scrolls
 a - a scroll of fog
 b - 2 scrolls of magic mapping
 d - a scroll of fear
 f - a scroll of enchant weapon {unknown}


   Skills:
 + Level 3.3 Fighting
 + Level 2.5 Dodging
 + Level 7.0 Stealth
 + Level 2.5 Unarmed Combat


You had 2 spell levels left.
You didn't know any spells.
Your spell library was empty.

Dungeon Overview and Level Annotations

Branches:
Dungeon (5/15)              Sewer (1/1)
 Temple: D:4-7

Altars:


Innate Abilities, Weirdness & Mutations

You cannot wear most types of armour.
You are amphibious.
You can wear up to eight rings at the same time.
Your skin changes colour to match your surroundings (Stealth+).
Your rubbery body absorbs attacks. (AC +1, EV +1)
((You are camouflaged when in or above water. (Stealth+)))
You have tentacles for arms and can constrict up to eight enemies at once.


Message History

The kobold brigand shouts!
A nearby plant withers and dies.
You see here a purple potion.
i - a purple potion The kobold brigand throws a poisoned dart.
The poisoned dart hits you!
You are lethally poisoned!
It was a potion of curing.
You feel better.
The kobold brigand throws a poisoned dart.
The poisoned dart misses you.
There is a large open door here.
The kobold brigand throws a poisoned dart.
The poisoned dart hits you!
You are poisoned.
You feel sick.
You closely miss the kobold brigand.
Your attack snaps the kobold brigand out of its fear.
Your grab misses the kobold brigand. You squeeze the kobold brigand.
The kobold brigand is moderately wounded.
You feel sick.
The kobold brigand hits you with a +0 club.
You tentacle-slap the kobold brigand. Your grab misses the kobold brigand.
The kobold brigand is heavily wounded.
The kobold brigand hits you with a +0 club.
* * * LOW HITPOINT WARNING * * *
It was a potion of cancellation.
Your magical effects are unravelling.
You feel magically purged.
You feel yourself slow down.
* * * LOW HITPOINT WARNING * * *
You feel sick.
Okay, then.
As you read the scroll of fear, it crumbles to dust.
You assume a fearsome visage.
The kobold brigand looks frightened!
* * * LOW HITPOINT WARNING * * *
You feel sick.
You feel yourself speed up.
* * * LOW HITPOINT WARNING * * *
You feel sick.
The kobold seems to regain its courage.
You die...

#### #####
#######..####...###
#...P.....##.......
##................†.
######......÷..÷.........
#....#......÷............
#....)......P.P..........
#.∩..'.....~~~~..~~P..~~~
#...[#..@.K~~~KP~~P...~~~
#################~~~#########
#≈~~~~~~~~~~~~~~~~~~~~~~~~~~~
#≈≈~≈≈≈≈≈~≈≈≈≈≈~≈≈≈≈≈~≈≈≈≈≈~≈
#≈~~~~~~~~~~~~~~~~~~~~~~~~~~~
###'########~~############~#~
#...#...)#.~~~†~........~~~P~
#.∩.#.∩.('..~~~~.........~~~P
#.∩.#....'...†............P.†


You could see a kobold brigand (fleeing) and a kobold.

Vanquished Creatures
  An adder (Sewer)
  A dart slug (D:4)
  4 ball pythons (Sewer)
  3 bats (Sewer)
  4 giant cockroaches
  4 kobolds (Sewer)
  3 quokkas
  2 frilled lizards (Sewer)
  2 rats (Sewer)
24 creatures vanquished.

Vanquished Creatures (others)
  2 plants (Sewer)
2 creatures vanquished.

Grand Total: 26 creatures vanquished

Notes
Turn   | Place    | Note
-------+----------+-------------------------------------------
     0 | D:5      | croobank the Octopode Delver began the quest for the Orb.
     0 | D:5      | Reached XP level 1. HP: 16/16 MP: 1/1
   193 | D:5      | Found a glowing drain.
   200 | D:5      | Reached XP level 2. HP: 18/21 MP: 2/2
   286 | Sewer    | Entered a sewer
   319 | Sewer    | Reached XP level 3. HP: 20/26 MP: 3/3
   527 | Sewer    | Reached skill level 7 in Stealth
   724 | Sewer    | Noticed a kobold brigand
   758 | Sewer    | HP: 1/26 [poisoned by a kobold brigand]
   759 | Sewer    | Succumbed to a kobold brigand's poison

Illustrated notes

Levels and vault maps discovered:
D:4:      layout_cave_pools, mainiacjoe_overflow_alcove_4,
          nicolae_shop_overcharged_wands, uniq_eustachio, uniq_robin
D:5:      layout_basic, gammafunk_temple_overflow_elements,
          portal_sewer_entry_f, minmay_misc_feat_square
Sewer:    kennysheep_pipe_town

Skill      XL: |  1  2  3 |
---------------+----------+-----
Stealth        | 7 |  7.0
Fighting       | |  3.3
Dodging        | |  2.5
Unarmed Combat | |  2.5

Action                   || total
-------------------------++-------
Melee: Unarmed           ||    63
       Constrict         ||    16
       Tentacles         ||    13
  Use: Potion            ||     4
       Scroll            ||     2
 Stab: Sleeping          ||     5
Armor: Skin              ||    10
Dodge: Dodged            ||    37
